Cogmind - Beta 11 @@@ ROGUE MODE // 2022.04.14 @ 15:43:36 Player: Red Box Result: Destroyed by H-66 Slayer with Gauss Rifle Performance ------------- Evolutions (1) 500 Regions Visited (5) 1000 Robots Destroyed (77) 385 Value Destroyed (1917) 1917 Prototype IDs (8) 160 Alien Tech Used (0) 0 Bonus (765) 765 TOTAL SCORE: 4727 Bonus ------- Follower Combat Kills 165 Met Imprinter 300 Was Imprinted 300 Cogmind --------- Core Integrity 0/400 Matter 300/300 Energy 6/265 System Corruption 1% Temperature Cool (0) Movement Core (850) Ox16 Location -6/Proximity Caves Parts ------- > --- POWER (1) -------- Improved Ion Engine > --- PROPULSION (2) --- (None) > --- UTILITY (3) ------ Advanced Heat Sink High-capacity Storage Unit Shield Generator > --- WEAPON (3) ------- (None) > --- INVENTORY (20) --- Large Storage Unit High-capacity Battery (250) Machine Analyzer Melee Analysis Suite Phase Shifter Improved Weapon Shielding Improved Weapon Shielding Mobile Refinery Mk. CCLXVII Gatling Laser Advanced Beam Cannon Shock Bomb Launcher Shock Bomb Launcher Shock Bomb Launcher Shock Bomb Launcher Katana Katana Ripper CR-A16's Pointy Stick Peak State ------------ > --- POWER ------------ Improved Ion Engine > --- PROPULSION ------- Wheel Compact Wheel > --- UTILITY ---------- Advanced Heat Sink High-capacity Storage Unit Hardened Light Armor Plating > --- WEAPON ----------- Advanced Beam Cannon Advanced Beam Cannon Advanced Beam Cannon > --- INVENTORY -------- Improved Ion Engine Large Storage Unit High-capacity Battery Machine Analyzer Melee Analysis Suite Phase Shifter Improved Weapon Shielding Improved Weapon Shielding Shield Generator Mobile Refinery Mk. CCLXVII Gatling Laser Shock Bomb Launcher Shock Bomb Launcher Shock Bomb Launcher Shock Bomb Launcher Grenade Launcher Katana Katana Ripper CR-A16's Pointy Stick [Rating: 27] Favorites ----------- Power Improved Ion Engine Engine Improved Ion Engine Propulsion Wheel Treads Light Treads Leg Aluminum Leg Wheel Wheel Utility Improved Heat Sink Device Improved Heat Sink Storage High-capacity Storage Unit Protection Medium Armor Plating Weapon Advanced Beam Cannon Energy Gun Medium Laser Energy Cannon Advanced Beam Cannon Ballistic Gun Light Assault Rifle Launcher Grenade Launcher Special Weapon Mining Laser Slashing Weapon Ripper Piercing Weapon CR-A16's Pointy Stick Build | -11 -10 -9 -9 -7 -6 ------- Run | Scr Mat Mat Min Zio Pro Slots Evolved 2 | . . 2 . . . Power . | . . . . . . Propulsion . | . . . . . . Utility 1 | . . 1 . . . Weapon 1 | . . 1 . . . Parts Attached 82 | 7 16 29 14 1 15 Power 8 | 1 2 3 1 . 1 Engine 8 | 1 2 3 1 . 1 Core . | . . . . . . Reactor . | . . . . . . Propulsion 11 | 2 5 3 1 . . Treads 1 | . . 1 . . . Leg 3 | 2 1 . . . . Wheel 7 | . 4 2 1 . . Hover . | . . . . . . Flight . | . . . . . . Utility 17 | 2 4 6 2 . 3 Device 6 | 1 2 1 . . 2 Storage 4 | 1 2 1 . . . Processor . | . . . . . . Hackware . | . . . . . . Protection 7 | . . 4 2 . 1 Artifact . | . . . . . . Weapon 46 | 2 5 17 10 1 11 Energy Gun 17 | . 4 12 1 . . Energy Cannon 16 | . . 4 6 1 5 Ballistic Gun 3 | 2 . . . . 1 Ballistic Cannon . | . . . . . . Launcher 6 | . . 1 1 . 4 Special Weapon 1 | . 1 . . . . Impact Weapon . | . . . . . . Slashing Weapon 2 | . . . 2 . . Piercing Weapon 1 | . . . . . 1 Special Melee Weapon . | . . . . . . Unidentified Prototypes . | . . . . . . Parts Lost 17 | . 6 2 1 . 8 Power 3 | . 2 . . . 1 Propulsion 7 | . 2 2 1 . 2 Utility 3 | . 1 . . . 2 Weapon 4 | . 1 . . . 3 Highest Loss Streak 7 | . 2 1 1 . 7 To Critical Strikes 1 | . . . . . 1 Average Slot Usage (%) 98 | . 98 98 99 100 97 Engine 11 | . 13 11 11 11 10 Wheel 22 | . 26 20 21 22 21 Device 11 | . 13 11 11 11 11 Storage 11 | . 14 11 11 11 11 Protection 8 | . . 9 11 11 10 Energy Gun 13 | . 13 32 . . . Energy Cannon 15 | . . . 31 33 30 Ballistic Gun 2 | . 11 . . . . Naked Turns . | . . . . . . Heaviest Build 67 | 13 50 64 67 67 67 Greatest Support 26 | 20 26 20 26 26 26 Greatest Overweight (x) 19 | 3 4 3 6 2 19 Average Overweight (x) 1 | . . 2 2 2 2 Largest Inventory Capacity 20 | 8 20 20 20 20 20 Average Capacity 17 | 7 14 16 20 20 20 Most Carried 20 | 8 13 20 20 20 20 Average Carried 16 | 5 9 15 19 19 19 Final Capacity 20 | 8 15 20 20 20 20 Final Carried 20 | 8 13 20 20 20 18 Class Distribution -------------------- 60% | Tank 19% | Mutant 9% | Scavenger-Tank 6% | Scavenger-Mutant 3% | Skirmisher Dominant Class ---------------- Mutant | -10/Materials Tank | -9/Materials Tank | -9/Mines Tank | -7/Zion Tank | -6/Proximity Caves Resources | -11 -10 -9 -9 -7 -6 ----------- Run | Scr Mat Mat Min Zio Pro Matter Collected 1424 | 292 412 300 184 36 200 Remotely . | . . . . . . Salvage Created 2292 | 133 458 1116 317 . 268 Parts 167 | 5 33 77 35 . 17 Haulers Intercepted 5 | . 2 3 . . . Recyclers Shooed 2 | . . 2 . . . Parts Field Recycled . | . . . . . . Retrieved Matter . | . . . . . . Parts Self-Destructed 20 | . . . . 1 19 Prevented . | . . . . . . Kills | -11 -10 -9 -9 -7 -6 ------- Run | Scr Mat Mat Min Zio Pro Combat Hostiles Destroyed 60 | . 10 24 16 . 10 Melee 1 | . . . 1 . . Guns 31 | . 10 19 2 . . Cannons 13 | . . 1 10 . 2 AOE 11 | . . 1 3 . 7 Classes Destroyed 11 | 2 4 4 . . 1 Tunneler 2 | 2 . . . . . Hauler 5 | . 2 3 . . . Recycler 1 | 1 . . . . . Operator 1 | . . 1 . . . Watcher 8 | . 3 5 . . . Swarmer 27 | . 3 6 12 . 6 Grunt 18 | . 7 7 2 . 2 Brawler 2 | . . 1 1 . . Duelist 2 | . . 1 1 . . Sentry 9 | . . 9 . . . Programmer 1 | . . . . . 1 Thug 1 | . . . . . 1 Best Kill Streak 5 | 2 4 5 4 . 4 Combat Bots Only 5 | . 3 5 4 . 4 Max Kills in Single Turn 3 | 1 1 2 3 . 2 Gunslinging . | . . . . . . Exploded 3 | . . 1 3 . 2 Melee 1 | . . . 1 . . Uniques/NPCs Destroyed . | . . . . . . Combat | -11 -10 -9 -9 -7 -6 -------- Run | Scr Mat Mat Min Zio Pro Damage Taken 2937 | . 698 666 465 . 1108 Core 629 | . 222 112 24 . 271 Absorbed by Shields 41 | . . . . . 41 Regen/Repaired (Parts) 78 | . 22 56 . . . Core Remaining (%) 55 | 100 11 . . . . Volleys Fired 176 | 11 68 63 18 1 15 Largest 3 | 2 2 3 3 3 3 Hottest 204 | 40 100 201 204 204 204 Shots Fired 427 | 22 132 177 54 3 39 Gun 333 | 22 129 173 9 . . Cannon 80 | . . 3 44 3 30 Launcher 11 | . . 1 1 . 9 Special 3 | . 3 . . . . Kinetic 109 | 22 87 . . . . Thermal 307 | . 45 176 53 3 30 Explosive 11 | . . 1 1 . 9 Electromagnetic . | . . . . . . Robot Hit Streak 15 | 15 12 14 8 . 8 Robot Miss Streak 5 | 2 5 5 4 . 4 Penetration Max . | . . . . . . Secondary Targets . | . . . . . . Shots Hit Robots 258 | 17 77 118 25 . 21 Core Hits 143 | 5 33 63 17 . 25 Critical Kills 1 | . . . . . 1 Critical Parts Destroyed . | . . . . . . Critical Strikes 14 | . 2 11 . . 1 Burn 13 | . 2 11 . . . Meltdown 1 | . . . . . 1 Melee Attacks 7 | . . . 1 . 6 Impact . | . . . . . . Slashing 1 | . . . 1 . . Piercing 6 | . . . . . 6 Sneak Attacks . | . . . . . . Combat Hostiles . | . . . . . . Follow-up Attacks . | . . . . . . Damage Inflicted 4437 | 148 790 1758 707 . 1034 Guns 2678 | 148 790 1648 92 . . Cannons 844 | . . 40 428 . 376 Explosions 868 | . . 70 140 . 658 Melee 47 | . . . 47 . . Ramming . | . . . . . . Kinetic 551 | 148 403 . . . . Thermal 2971 | . 387 1688 520 . 376 Explosive 868 | . . 70 140 . 658 Electromagnetic . | . . . . . . Impact . | . . . . . . Slashing 47 | . . . 47 . . Piercing . | . . . . . . Highest Corruption 1 | . . . . . 1 Average Corruption 1 | . . . . . 1 Corruption Purged . | . . . . . . Corruption Blocked . | . . . . . . Effects 1 | . . . . . 1 Energy Discharges 1 | . . . . . 1 Overload Shots . | . . . . . . Overflow Damage 50 | . . 30 4 . 16 Projectiles 28 | . . 10 4 . 14 Explosions 22 | . . 20 . . 2 Melee . | . . . . . . Knockbacks . | . . . . . . Impact . | . . . . . . Kinetic . | . . . . . . Secondary . | . . . . . . Self-Inflicted Damage 31 | . . . 31 . . Shots 1 | . . . 1 . . Rammed . | . . . . . . Targets Rammed . | . . . . . . Kicked . | . . . . . . Crushed . | . . . . . . Highest Temperature 507 | . 193 400 507 105 234 Average Temperature 106 | . 58 105 191 54 78 Received Heat Transfer 744 | . 387 201 66 . 90 Effects 8 | . . . 7 . 1 Shutdowns 1 | . . . 1 . . Interference 5 | . . . 4 . 1 Matter Decay 1 | . . . 1 . . Damage (minor) 1 | . . . 1 . . Siege Activations . | . . . . . . Robots Corrupted . | . . . . . . Combat Hostiles . | . . . . . . Parts Fried . | . . . . . . Impact Corruptions . | . . . . . . Robots Melted 4 | . . 3 . . 1 Combat Hostiles 4 | . . 3 . . 1 Parts Melted 17 | . 1 13 1 . 2 Heat Transferred 7700 | . 1258 4888 925 . 629 Parts Sabotaged . | . . . . . . Parts Stolen . | . . . . . . Parts Stripped . | . . . . . . Power Chain Reactions . | . . . . . . Missiles Intercepted . | . . . . . . Alert | -11 -10 -9 -9 -7 -6 ------- Run | Scr Mat Mat Min Zio Pro Peak Influence 379 | 15 231 379 327 . . Initial 147 | . 9 . 147 . . Average 170 | 5 66 234 195 . . Maximum Alert Level 1 | . 1 1 1 . . Low Security (%) 58 | 100 94 31 63 . . Level 1 41 | . 5 68 36 . . Level 2 . | . . . . . . Level 3 . | . . . . . . Level 4 . | . . . . . . Level 5 . | . . . . . . High Security . | . . . . . . Max Security . | . . . . . . Squads Dispatched 3 | . 1 1 1 . . Investigation . | . . . . . . Extermination . | . . . . . . Reinforcement 2 | . 1 1 . . . Assault 1 | . . . 1 . . Garrison . | . . . . . . Intercept . | . . . . . . Searches Triggered . | . . . . . . Construction Impeded . | . . . . . . Haulers Reinforced . | . . . . . . Active Scanning Responses . | . . . . . . Cargo Convoy Interrupts . | . . . . . . Stealth | -11 -10 -9 -9 -7 -6 --------- Run | Scr Mat Mat Min Zio Pro Distress Signals 4 | . 1 3 . . . Communications Jammed . | . . . . . . Distress Signals . | . . . . . . Times Spotted 92 | . 23 36 16 . 17 Peak Tracking Total 7 | . 5 4 4 . 7 Tactical Retreats 1 | . . 1 . . . Traps | -11 -10 -9 -9 -7 -6 ------- Run | Scr Mat Mat Min Zio Pro Traps Triggered 1 | . 1 . . . . Indirectly . | . . . . . . Trap Hack Attempts . | . . . . . . Triggered . | . . . . . . Disarmed . | . . . . . . Reprogrammed . | . . . . . . Reused . | . . . . . . Traps Extracted . | . . . . . . Installed . | . . . . . . Triggered . | . . . . . . Machines | -11 -10 -9 -9 -7 -6 ---------- Run | Scr Mat Mat Min Zio Pro Machines Disabled 2 | . . 1 1 . . Max in Single Turn 1 | . . 1 1 . . Machines Sabotaged . | . . . . . . Garrisons Compromised . | . . . . . . Overloaded Fab Kills . | . . . . . . Hacking | -11 -10 -9 -9 -7 -6 --------- Run | Scr Mat Mat Min Zio Pro Machines Accessed 24 | . 8 15 1 . . Terminals 16 | . 6 9 1 . . Fabricators . | . . . . . . Repair Stations 3 | . 1 2 . . . Recycling Units 3 | . 1 2 . . . Scanalyzers 2 | . . 2 . . . Garrison Access . | . . . . . . Total Hacks 77 | . 27 47 3 . . Successful 47 | . 12 34 1 . . Failed 30 | . 15 13 2 . . Catastrophic 3 | . 2 1 . . . Database Lockouts . | . . . . . . Manual 41 | . 15 23 3 . . Terminals 56 | . 20 33 3 . . Fabricators . | . . . . . . Repair Stations 9 | . 4 5 . . . Recycling Units 7 | . 3 4 . . . Scanalyzers 5 | . . 5 . . . Garrison Access . | . . . . . . Terminal Hacks 23 | . 6 16 1 . . Part Schematic 1 | . . 1 . . . Robot Schematic 1 | . . 1 . . . Robot Analysis 8 | . 2 6 . . . Prototype ID Bank 6 | . 1 5 . . . Terminal Index 1 | . 1 . . . . Unreport Threat 2 | . 1 . 1 . . Locate Traps 2 | . 1 1 . . . Hauler Manifests 2 | . . 2 . . . Fabricator Hacks . | . . . . . . Repair Station Hacks 6 | . 2 4 . . . Scan Component 3 | . 1 2 . . . Repair 3 | . 1 2 . . . Recycling Unit Hacks 3 | . 1 2 . . . Retrieve Components 3 | . 1 2 . . . Scanalyzer 3 | . . 3 . . . Insert Component 2 | . . 2 . . . Analyze 1 | . . 1 . . . Garrison Access Hacks . | . . . . . . Unauthorized Hacks 12 | . 3 9 . . . Terminals 10 | . 3 7 . . . Track 2 | . . 2 . . . Assimilate 1 | . 1 . . . . Botnet 6 | . 1 5 . . . Operators 1 | . 1 . . . . Fabricators . | . . . . . . Repair Stations . | . . . . . . Recycling Units 2 | . . 2 . . . Reject 2 | . . 2 . . . Scanalyzers . | . . . . . . Garrison Access . | . . . . . . Data Cores Recovered 1 | . . 1 . . . Used . | . . . . . . Hacking Detections 23 | . 8 14 1 . . Full Trace Events 1 | . 1 . . . . Feedback Events . | . . . . . . Feedback Blocked . | . . . . . . Robot Schematics Acquired 4 | . . 1 . 3 . Robots Built . | . . . . . . Authchips . | . . . . . . Time . | . . . . . . Total Robot Build Rating . | . . . . . . Part Schematics Acquired 17 | . . 2 . 15 . Parts Built . | . . . . . . Authchips . | . . . . . . Time . | . . . . . . Total Part Build Rating . | . . . . . . Parts Repaired 3 | . 1 2 . . . Time 71 | . 13 58 . . . Parts Recycled . | . . . . . . Recycled Matter . | . . . . . . Retrieved Matter . | . . . . . . Retrieved Components 1 | . 1 . . . . Parts Scanalyzed 1 | . . 1 . . . Part Schematics Acquired 1 | . . 1 . . . Parts Damaged . | . . . . . . Bothacking | -11 -10 -9 -9 -7 -6 ------------ Run | Scr Mat Mat Min Zio Pro Used RIF Installer . | . . . . . . Robots Hacked . | . . . . . . Non-combat . | . . . . . . Combat . | . . . . . . Robot Hacks Applied . | . . . . . . Relay Couplers Released . | . . . . . . Fabnet Peak Effective % . | . . . . . . Robots Rewired . | . . . . . . Allies Hacked . | . . . . . . Hacks Repelled . | . . . . . . Allies | -11 -10 -9 -9 -7 -6 -------- Run | Scr Mat Mat Min Zio Pro Total Allies 7 | . 1 . 2 4 . Largest Group 5 | . 1 1 1 5 5 Highest-Rated Group 180 | . 10 10 31 180 180 Highest-Rated Ally 38 | . 10 10 31 38 38 Total Orders 18 | . 4 12 2 . . STAY 9 | . 2 6 1 . . FOLLOW 9 | . 2 6 1 . . Ally Attacks 41 | . . . . . 41 Total Damage 408 | . . . . . 408 Kills 5 | . . . . . 5 Allies Corrupted . | . . . . . . Allies Melted . | . . . . . . Intel | -11 -10 -9 -9 -7 -6 ------- Run | Scr Mat Mat Min Zio Pro Robot Analysis Total 8 | . 2 6 . . . Derelict Logs Recovered 2 | . . . 1 1 . Drone Launches . | . . . . . . Drone Recoveries . | . . . . . . Exploration | -11 -10 -9 -9 -7 -6 ------------- Run | Scr Mat Mat Min Zio Pro Turns Passed 6093 | 121 1219 1924 991 1286 552 Spaces Moved 4332 | 62 872 1304 680 1039 375 Core 17 | 15 . . . . 2 Treads . | . . . . . . Legs 53 | 47 6 . . . . Wheels 4262 | . 866 1304 680 1039 373 Hover . | . . . . . . Flight . | . . . . . . Fastest Speed 50 | 50 90 95 120 120 120 Average Speed 113 | 120 98 110 123 120 124 Slowest Speed 1000 | 200 140 125 170 120 1000 Overloaded Moves . | . . . . . . Propulsion Burnouts . | . . . . . . Robots Hopped . | . . . . . . Cave-ins Triggered . | . . . . . . Exploration Rate (%) 73 | 6 98 94 97 89 55 Regions Visited 5 Branch Regions 3 Pre-discovered Areas 1 | . . . . 1 . Known Exits Taken . | . . . . . . Unknown Exits Taken 5 | 1 1 1 1 1 . Scrap Searched 2 | . . . 2 . . Spaces Dug 16 | . 3 . . . 13 Terrain Destroyed 60 | . 3 6 6 . 45 Melee 6 | . . . . . 6 Projectile 4 | . 3 . . . 1 AOE 50 | . . 6 6 . 38 Terrain Rammed . | . . . . . . Walls Destroyed . | . . . . . . Machines Disabled . | . . . . . . Actions | -11 -10 -9 -9 -7 -6 --------- Run | Scr Mat Mat Min Zio Pro Total 5118 | 87 1107 1642 786 1077 419 Wait 429 | . 131 200 64 31 3 Move 4327 | 61 871 1303 679 1038 375 Hop . | . . . . . . Pick Up 59 | 8 15 27 5 3 1 Fast Attach 16 | 7 2 4 1 . 2 Attach 20 | . 7 5 5 . 3 Detach . | . . . . . . Swap 46 | . 7 20 8 1 10 Drop 37 | . 6 20 5 3 3 Fire 176 | 11 68 63 18 1 15 Melee 7 | . . . 1 . 6 Ram . | . . . . . . Kick . | . . . . . . Crush . | . . . . . . Escape Stasis . | . . . . . . Rewire 1 | . . . . . 1 Trap . | . . . . . . Miscellaneous . | . . . . . . Route ------- -11/Scrapyard -10/Materials (discovered 5 exits: *Mat x3 / [*Min x2]) -9/Materials (discovered 5 exits: [*Mat x3] / *Min x2) -9/Mines (discovered 4 exits: [*Mat x2] / [*Exi] / [*Zio]) -7/Zion -6/Proximity Caves (discovered 1 exit: [*Fac]) History --------- Turn | Location | Event 28 | -11/Scrapyard | Discovered new exit (range 15) 122 | -11/Scrapyard | Entered Materials 306 | -10/Materials | Build established: Mutant 317 | -10/Materials | Discovered new exit (range 14) 387 | -10/Materials | Discovered new exit (range 12) 760 | -10/Materials | Discovered new exit (range 16) 821 | -10/Materials | Core integrity fell below 50% 844 | -10/Materials | Core integrity fell below 20% 992 | -10/Materials | Repaired Med. Laser 1078 | -10/Materials | Discovered new exit (range 16) 1158 | -10/Materials | Discovered new exit (range 15) 1341 | -10/Materials | Entered another Materials area 1341 | -9/Materials | Accompanied by 1 ally 1341 | -9/Materials | Evolved 2 slots: Utility x1, Weapon x1 1564 | -9/Materials | Discovered new exit (range 11) 1803 | -9/Materials | Repaired Lgt. Armor Plating 1872 | -9/Materials | Discovered new exit (range 12) 2217 | -9/Materials | Discovered new exit (range 16) 2395 | -9/Materials | Build established: Scavenger-Tank 2484 | -9/Materials | Discovered new exit (range 12) 2639 | -9/Materials | Discovered new exit (range 10) 2961 | -9/Materials | Repaired Broken Adv. Beam Cannon 2970 | -9/Materials | Build established: Tank 3265 | -9/Materials | Entered Mines 3265 | -9/Mines | Accompanied by 1 ally 3399 | -9/Mines | A weapon hastily lodged in a ceiling crevice suddenly fell to the ground 3514 | -9/Mines | Received a Mining Laser from a helpful Derelict 3652 | -9/Mines | A Derelict revealed a hidden shortcut to a safe place 3773 | -9/Mines | Deemed a non-threat by the Exiles lab entrance 3773 | -9/Mines | Discovered new exit (range 5) 3887 | -9/Mines | Discovered new exit (range 10) 3909 | -9/Mines | Discovered new exit (range 12) 4001 | -9/Mines | Joined a pair of Derelicts in attacking an 0b10 outpost 4195 | -9/Mines | Met a Derelict testing a Signal Generator 4228 | -9/Mines | Learned Materials stockpile data 4256 | -9/Mines | Entered Zion 4256 | -7/Zion | Accompanied by 1 ally 4357 | -7/Zion | Discovered new exit (range 15) 4403 | -7/Zion | Learned location of Warlord (-5) 4746 | -7/Zion | Learned Factory trap positions 5169 | -7/Zion | Found CR-A16's Pointy Stick 5237 | -7/Zion | Imprinted 5240 | -7/Zion | Declared Zion's savior 5348 | -7/Zion | Found Prototype Device 5542 | -7/Zion | Entered Proximity Caves 5542 | -6/Proximity Caves | Accompanied by 5 allies 5725 | -6/Proximity Caves | Attracted the attention of an 0b10 checkpoint 5958 | -6/Proximity Caves | Core integrity fell below 50% 6056 | -6/Proximity Caves | Discovered new exit (range 15) 6068 | -6/Proximity Caves | P-60 Hacker assimilated allied 2Y-QZY(g) 6080 | -6/Proximity Caves | Core integrity fell below 20% 6094 | -6/Proximity Caves | Destroyed by H-66 Slayer with Gauss Rifle Last Messages --------------- 06073_ 2Y-QZY(g) reactivates. 06075_ 2Y-QZY(g) suffers critical hit (Meltdown). 06075_ Imp. Heat Sink melted. 06076_ Slug penetrates Wall. 06077_ S-27 Virus destroyed. 06079_ Slug penetrates Wall. 06079_ Wheel destroyed. 06079_ Acquired 15 matter. 06079_ Slug penetrates Wall. 06079_ Penetrated by Slug. 06079_ Adv. Beam Cannon destroyed. 06083_ Critical hit (Destroy). 06083_ Adv. Beam Cannon destroyed. 06086_ Lgt. Nuclear Core fries itself beyond repair. 06087_ VTOL Module fries itself beyond repair. 06088_ H-66 Slayer destroyed. 06088_ Slug penetrates 1U-HRW(M). 06088_ Penetrated by Slug. 06092_ Acquired 10 matter. 06094_ Slug penetrates 72-7O8(M). Map ----- +----------------------------------------------------+ | | | | | | | | | | | ?????????????????????????????????????????????????? | | ?????????????????????????????????????????????????? | | ?????????????????????????????????????????????????? | | ?????????????????????????????????????????????????? | | ?????????????????????????????????????????????????? | | ?????????????????????????????????????????????????? | | ?????????????????????????????????????????????????? | | ?????????????????????????????????????????????????? | | ?????????????????????????????????????????????????? | | ?????????????????????????????????????????????????? | | ?????????????????????????????????????????????????? | | ?????????????????????????????????????????????????? | | ?????????????????????????????????????????????????? | | ?????????????????????????????????????????????????? | | ??????######???????????####??????????????????????? | | ####### ###????????## ##?????????????????????? | | ########## #?????????????????????? | | ###### ??????? | | ### ??????? | | ###?# ########### ####### < ??????? | | # ##???# ???????##@*#?????????????????????? | | # #????# ????? [ #???????????????????? | | # #???# ######?? M MM##???????????????????? | | #???# ##??????#### M #????????????????????? | | ##???# ##?????????? =% #????????????????????? | | ##????## ##??????????# # #????????????????????? | | ##??????##????????????# ????????????????????? | | #?????????????????????## % ????????????????????? | | ???????????????????????# h % ???????????????????? | | ??????????????????????? ???????????????????? | | ??????????????????????? ??????????????????? | | ??????????????????????? ??????????????????? | | ??????????????????????? ?????????????????? | | ?????????????????????? ###?????????????????? | | ???????????????????????? ##???????????????????? | | ???????????????????????? ?????????????????????? | | ?????????????????????????????????????????????????? | | ?????????????????????????????????????????????????? | | ?????????????????????????????????????????????????? | | ????????????????????????????????????????????????? | | ???????????????????????????????????????????????? | | ??????????????????????????????????????????????? | | #??????????????????????????????????????????????? | | #??????????????????????????????????????????????? | | ????????????????????????????????????????????????? | +----------------------------------------------------+ Best States ------------- Heat Dissipation 47 Energy Generation 12 Energy Capacity 265 Matter Stores 300 Matter Capacity 300 Sight Range 16 Terrain Scan Range 16 Terrain Scan Density 10 Armor Coverage 225 Evasion (%) 50 Item Schematics ----------------- Hcp. Storage Unit | -9/Materials | Hacked Adv. Beam Cannon | -9/Materials | Scanalyzed Cloaking Device | -7/Zion | Archive Imp. Titanium Leg | -7/Zion | Archive Imp. Medium Treads | -7/Zion | Archive Imp. Remote Datajack | -7/Zion | Archive Imp. Deuterium Engine | -7/Zion | Archive Magnetic Acceleration Cannon | -7/Zion | Archive Transmission Jammer | -7/Zion | Archive Hpw. Shock Rifle | -7/Zion | Archive Gauss Cannon | -7/Zion | Archive Lgt. Angular Momentum Engine | -7/Zion | Archive Med. Reflective Plating | -7/Zion | Archive Mak. Hover Unit | -7/Zion | Archive Hvy. Ion Cannon | -7/Zion | Archive Mass Driver | -7/Zion | Archive Imp. KE Penetrator | -7/Zion | Archive Robot Schematics ------------------ O-16 Technician | -9/Materials | Hacked B-48 Gladiator | -7/Zion | Archive O-24 Administrator | -7/Zion | Archive R-06 Scavenger | -7/Zion | Archive Fabricated ------------ Nothing Alien Tech Used ----------------- None Achievements -------------- None Challenges ------------ None Game ------ Seed StorageMetafiberMatter Manual? 0 Play Time 00:58:32 Cumulative 292.3 hours Start 2022.04.14 @ 11:35:44 End 2022.04.14 @ 15:43:36 Sessions 1 Manual Loads 0 Difficulty Rogue Special Mode None Game No. 243 Rogue 243 Adventurer 0 Explorer 0 Win Type - Total 0 Types 0/0/0/0/0/0/0/0/0 Lore% 53 Gallery% 59 Achievement% 42 Wizard Run 0 Options --------- ASCII 0 Keyboard 0 Movement Mouse Keybinds 0 Fullscreen 1 Font 16/SmallcapsGlow Map View 75x55 Tactical HUD 1 Map Filters NONE Filters NONE Steam 1 RUN: 6f11206f-bd31-40ed-8e49-fc7de0c3b36e